Map: [ESL] Cosmic Sapphire

Players

Solar - Winner!

  • Race: Zerg Zerg
  • League: Master
  • Spawn Location: 11:00

IlIIIllIlllI (Classic)

  • Race: Protoss Protoss
  • League: Diamond
  • Spawn Location: 5:00

Event: TSL 9

VOD

Have the link to the VOD?

Description

Time

  • Played on: Sept. 2, 2022, 10:07 a.m.
  • Length: 9:46

All games in this series

Show
View Real Time Build Order
Export as new Build Order

Solar Zerg - Winner!

Build Orders: Hatch First 

Get SALT Encoding   

  12  0:00  Drone  
  13  0:13  Overlord  
  13  0:17  Drone  
  14  0:31  Drone  
  14  0:32  Drone  
  16  0:50  Hatchery  
  16  0:52  Drone  
  16  0:55  Drone  
  17  0:58  Drone  
  18  1:09  Extractor  
  17  1:14  Spawning Pool  
  17  1:17  Drone  
  17  1:20  Drone  
  18  1:30  Drone  
  19  1:41  Drone  
  20  1:54  Overlord  
  20  2:01  Queen  
  20  2:03  Queen  
  20  2:04  Zergling x4  
  26  2:12  Drone  
  26  2:13  Drone  
  26  2:14  Metabolic Boost  
  28  2:24  Drone x2  
  30  2:35  Hatchery  
  29  2:38  Drone  
  30  2:45  Queen  
  30  2:49  Overlord  
  32  2:52  Zergling x2  
  32  2:54  Drone  
  32  2:56  Drone  
  35  2:59  Drone  
  36  3:07  Queen  
  39  3:12  Drone  
  39  3:13  Drone x3  
  39  3:18  Drone  
  39  3:19  Overlord  
  43  3:22  Zergling x2  
  44  3:32  Overlord  
  44  3:36  Queen  
  46  3:43  Drone x2  
  46  3:47  Overlord  
  48  3:50  Queen  
  48  3:52  Drone  
  48  3:53  Zergling x6  
  48  3:54  Zergling x2  
  54  3:57  Drone  
  54  4:01  Drone  
  56  4:03  Drone  
  56  4:07  Drone, Roach Warren  
  56  4:08  Drone  
  56  4:09  Zergling x4  
  59  4:17  Overlord  
  59  4:19  Spore Crawler, Drone x3  
  60  4:25  Drone x2  
  60  4:27  Drone  
  60  4:30  Drone  
  64  4:32  Drone  
  64  4:41  Lair, Drone x3  
  64  4:42  Drone x3  
  64  4:45  Extractor x2  
  69  4:52  Zergling x8  
  72  4:53  Queen  
  72  4:54  Overlord  
  72  4:58  Spore Crawler  
  72  4:59  Drone  
  74  5:01  Overlord  
  74  5:03  Drone x2  
  74  5:06  Drone  
  77  5:07  Drone x2  
  77  5:08  Drone  
  77  5:10  Drone  
  77  5:12  Drone  
  82  5:17  Drone x2, Overlord  
  82  5:19  Drone x2  
  82  5:20  Drone  
  87  5:22  Extractor  
  87  5:25  Spore Crawler  
  85  5:29  Drone x5  
  85  5:30  Extractor  
  85  5:31  Drone  
  90  5:37  Extractor  
  90  5:41  Spire  
  90  5:42  Drone x3  
  91  5:43  Zergling x2  
  91  5:46  Drone  
  91  5:47  Drone x3  
  96  5:52  Overlord  
  96  5:53  Overlord  
  96  5:56  Overlord  
  96  6:05  Overlord  
  96  6:10  Evolution Chamber  
  96  6:11  Roach x4  
  103  6:12  Overseer  
  103  6:15  Overlord  
  103  6:16  Overlord  
  103  6:19  Overlord  
  103  6:21  Overlord  
  103  6:23  Hatchery  
  103  6:24  Overlord  
  102  6:29  Overlord  
  102  6:31  Overlord  
  102  6:37  Drone x2  
  102  6:39  Extractor  
  100  6:49  Extractor  
  100  6:52  Drone  
  100  6:53  Mutalisk x8  
  104  6:56  Zerg Flyer Weapons Level 1  
  104  6:58  Mutalisk x2  
  119  7:04  Mutalisk  
  121  7:11  Mutalisk  
  121  7:12  Zergling x12  
  121  7:13  Zergling x2  
  130  7:22  Mutalisk x2  
  132  7:26  Overlord  
  132  7:27  Zergling x12  
  140  7:30  Overlord  
  140  7:31  Mutalisk  
  140  7:36  Drone x3  
  145  7:40  Mutalisk  
  145  7:41  Mutalisk  
  145  7:43  Drone  
  150  7:47  Zergling x2  
  150  7:50  Mutalisk  
  150  7:51  Mutalisk  
  152  7:54  Drone  
  155  8:00  Zergling x2, Drone  
  155  8:01  Zergling x2  
  156  8:08  Mutalisk x2  
  156  8:09  Drone  
  156  8:11  Drone  
  156  8:12  Drone  
  159  8:14  Drone  
  159  8:17  Hatchery, Mutalisk x2  
  163  8:20  Zergling x20  
  169  8:31  Mutalisk x3  
  169  8:32  Mutalisk  
  169  8:33  Drone  
  155  8:43  Mutalisk x2  
  155  8:45  Zergling x10  
  158  8:53  Mutalisk x2  
  155  8:57  Zergling x4  
  151  9:06  Mutalisk x3  
  147  9:10  Mutalisk  
  147  9:14  Zergling x12  
  147  9:15  Zergling x12  
Show
View Real Time Build Order
Export as new Build Order

IlIIIllIlllI Protoss 

Build Orders: 1 Gate Expand, Colossus Rush 

Get SALT Encoding   

  12  0:00  Probe  
  13  0:13  Pylon  
  13  0:17  Probe (Chrono Boost)  
  15  0:29  Probe (Chrono Boost)  
  15  0:36  Probe (Chrono Boost)  
  15  0:40  Gateway  
  16  0:43  Probe  
  16  0:49  Assimilator  
  17  0:56  Probe  
  18  1:08  Probe  
  19  1:20  Probe  
  20  1:27  Nexus  
  20  1:32  Probe  
  21  1:39  Cybernetics Core  
  21  1:44  Probe  
  22  1:49  Assimilator  
  22  1:55  Pylon  
  22  1:57  Probe  
  23  2:13  Adept (Chrono Boost), Probe  
  24  2:20  Robotics Facility  
  26  2:25  Probe  
  26  2:28  Warp Gate  
  27  2:35  Stalker  
  29  2:37  Probe (Chrono Boost)  
  29  2:39  Probe (Chrono Boost)  
  31  2:48  Probe (Chrono Boost)  
  31  2:49  Probe (Chrono Boost)  
  33  2:53  Probe x2 (Chrono Boost)  
  35  3:04  Probe  
  36  3:05  Probe  
  36  3:07  Robotics Bay  
  36  3:11  Warp Prism (Chrono Boost)  
  39  3:16  Probe  
  39  3:17  Probe  
  41  3:24  Pylon  
  41  3:27  Gateway  
  41  3:32  Probe x2  
  44  3:44  Probe x2  
  45  3:50  Disruptor (Chrono Boost)  
  45  3:53  Pylon  
  45  3:54  Gravitic Drive  
  48  4:00  Pylon  
  48  4:01  Probe x2  
  48  4:02  Assimilator  
  48  4:03  Pylon  
  48  4:04  Assimilator  
  47  4:13  Probe x2  
  47  4:14  Pylon  
  47  4:16  Adept  
  51  4:22  Adept  
  51  4:25  Colossus (Chrono Boost)  
  51  4:29  Probe x2  
  59  4:41  Probe x2  
  61  4:46  Nexus  
  61  4:52  Adept x2  
  65  4:56  Pylon  
  65  5:01  Probe x2  
  67  5:07  Twilight Council  
  67  5:10  Forge  
  67  5:14  Sentry  
  67  5:15  Sentry  
  67  5:16  Probe x2  
  67  5:19  Disruptor (Chrono Boost)  
  73  5:28  Probe x2  
  78  5:29  Pylon  
  78  5:37  Blink  
  78  5:38  Stalker x2  
  78  5:40  Probe x2  
  84  5:46  Gateway  
  84  5:52  Gateway  
  84  5:58  Probe x3  
  84  6:01  Observer  
  88  6:04  Protoss Ground Weapons Level 1 (Chrono Boost)  
  88  6:10  Probe x3  
  91  6:14  Gateway  
  91  6:16  Gateway  
  91  6:20  Photon Cannon  
  91  6:30  Nexus  
  91  6:31  Pylon  
  91  6:35  Probe x3  
  94  6:40  Phoenix  
  86  6:49  Disruptor (Chrono Boost)  
  86  6:50  Stalker x4  
  86  6:52  Phoenix  
  97  6:56  Probe x3  
  97  6:58  Pylon  
  100  7:03  Gateway  
  100  7:06  Gateway  
  100  7:10  Stalker x2  
  100  7:14  Probe x2  
  100  7:15  Probe  
  107  7:17  Pylon  
  107  7:21  Disruptor (Chrono Boost)  
  110  7:25  Pylon  
  110  7:26  Probe  
  110  7:27  Probe x2  
  113  7:30  Stalker x3  
  119  7:37  Stalker x2  
  119  7:42  Pylon  
  123  7:45  Probe x4  
  127  7:54  Photon Cannon  
  127  7:58  Stalker x3  
  132  7:59  Shield Battery  
  132  8:00  Stalker  
  132  8:03  Stalker  
  132  8:05  Probe x3  
  132  8:15  Stalker x3  
  137  8:22  Zealot  
  137  8:23  Zealot x2  
  137  8:24  Stalker  
  139  8:29  Probe x2  
  139  8:30  Probe  
  123  8:38  Probe  
  116  8:41  Probe x2  
  116  8:42  Probe, Stalker x4  
  118  8:48  Stalker x4  
  118  8:54  Probe x2  
  118  8:55  Probe  
  102  9:05  Probe (Chrono Boost)  
  102  9:07  Probe x2 (Chrono Boost)  
  102  9:09  Probe (Chrono Boost)  
  102  9:10  Stalker  
  102  9:11  Stalker x3  
  104  9:18  Zealot x3  
  104  9:22  Probe (Chrono Boost)  
  104  9:23  Stalker  
  104  9:27  Probe  
  104  9:28  Probe  
  104  9:29  Probe  
Tags
 
Add a new tag
Caveats
  • Supply blocks, unpowered buildings, or Contaminate may cause inaccurate times.
  • Supply counts are checked every 10 seconds.